 Dungeon Crawl Stone Soup version 0.31-a0-1-g4198be8af4 (webtiles) character file.

Game seed: 14483458673841033857

23458 Ahpoh the Carver (level 13, -3/67 HPs)
             Began as a Vine Stalker Fighter on May 1, 2023.
             Was a Priest of Uskayaw.
             Slain by a slime creature (12 damage)
             ... summoned by a boggart
             ... on level 13 of the Dungeon.
             The game lasted 00:56:50 (11676 turns).

Ahpoh the Carver (Vine Stalker Fighter)            Turns: 11676, Time: 00:56:50

Health: -3/67      AC: 29    Str: 20    XL:     13   Next: 6%
Magic:  0/26       EV:  9    Int:  8    God:    Uskayaw [***...]
Gold:   1258       SH:  0    Dex: 20    Spells: 12/12 levels left

rFire   x . .        B - +2 long sword (heavy)
rCold   . . .        (no shield)
rNeg    + . .        C - +6 plate armour of the Desolation of Salt {rElec rF- rN+ Dex+2}
rPois   .            l - +0 helmet
rElec   +            (no cloak)
rCorr   .            p - +1 pair of gloves {Stlth+}
SInv    +            (no boots)
Will    ++...        L - amulet of regeneration
Stlth   ++           F - +4 ring of protection
HPRegen 1.91/turn    E - ring of magical power
MPRegen 0.20/turn

%: guardian spirit
@: lethally poisoned (-3 -> -6)
A: fangs 3, regeneration 1, magic shield, antimagic bite, no potion heal 2,
talons 1, iridescent scales 1, see invisible, strong-willed 1, sturdy frame 1
a: Renounce Religion, Stomp, Line Pass


You were on level 13 of the Dungeon.
You worshipped Uskayaw.
Uskayaw was noncommittal.
You visited 2 branches of the dungeon, and saw 14 of its levels.
You also visited: Sewer and Ossuary.

You collected 1258 gold pieces.

Inventory:

Hand Weapons
 h - the +6 arbalest "Damnation" {damnation}
   (You found it on level 11 of the Dungeon)
 B - a +2 heavy long sword (weapon)
 O - the +6 morningstar of Ocoanoru {venom, Will+ Int+2 Dex+3}
   (You found it on level 11 of the Dungeon)

   Int:       It affects your intelligence (+2).
   Dex:       It affects your dexterity (+3).
   Will:      It increases your willpower.
 S - the +5 dagger of Integrity {protect, Stlth+}
   (You found it on level 12 of the Dungeon)

   Stlth:     It makes you more stealthy.
Missiles
 y - 9 boomerangs (quivered)
Armour
 c - a +0 buckler
 l - a +0 helmet (worn)
 p - a +1 pair of gloves of stealth (worn)
 C - the +6 plate armour of the Desolation of Salt (worn) {rElec rF- rN+ Dex+2}
   (You found it on level 6 of the Dungeon)

   Dex:       It affects your dexterity (+2).
   rF:        It makes you vulnerable to fire.
   rElec:     It insulates you from electricity.
   rN:        It protects you from negative energy.
Jewellery
 j - a ring of positive energy
 u - an amulet of the acrobat
 D - a ring of ice
 E - a ring of magical power (right hand)
 F - a +4 ring of protection (left hand)
 I - an amulet of magic regeneration
 J - a ring of willpower
 K - a ring of flight
 L - an amulet of regeneration (around neck)
 N - an amulet of regeneration
Wands
 q - a wand of light (7)
 w - a wand of flame (16)
 A - a wand of digging (3)
 M - a wand of polymorph (3)
 P - a wand of roots (10)
Scrolls
 a - 4 scrolls of teleportation
 e - 2 scrolls of fear
 f - 3 scrolls of magic mapping
 k - a scroll of butterflies
 m - a scroll of fog
 o - 3 scrolls of enchant weapon
 x - a scroll of blinking
 G - 3 scrolls of enchant armour
 Q - a scroll of amnesia
 R - a scroll of silence
Potions
 b - 3 potions of lignification
 d - a potion of magic
 g - a potion of flight {unknown}
 i - a potion of resistance
 n - 7 potions of curing
 r - 3 potions of brilliance {unknown}
 s - a potion of mutation
 t - a potion of haste {unknown}
 v - 4 potions of cancellation {unknown}
 z - a potion of invisibility {unknown}
 T - a potion of might
Miscellaneous
 H - a phial of floods (inert)


   Skills:
 + Level 7.5 Fighting
 + Level 0.6(7.6) Short Blades
 + Level 12.0 Long Blades
 + Level 3.2 Ranged Weapons
 + Level 0.8 Throwing
 + Level 8.4 Armour
 + Level 3.6 Dodging
 + Level 8.7 Stealth
 + Level 7.2 Shields
 + Level 4.1 Invocations
 + Level 1.1 Evocations


You had 12 spell levels left.
You didn't know any spells.
Your spell library contained the following spells:

 Spells                   Type           Power      Damage    Failure   Level
 Kiss of Death            Conj/Necr      0%         2d5       99%         1
 Call Canine Familiar     Summ           0%         N/A       100%        3
 Confusing Touch          Hex            0%         N/A       100%        3
 Portal Projectile        Hex/Tloc       0%         N/A       100%        3
 Tukima's Dance           Hex            0%         N/A       100%        3
 Dispel Undead            Necr           0%         3d6       100%        4
 Leda's Liquefaction      Hex/Erth       0%         N/A       100%        4
 Passage of Golubria      Tloc           0%         N/A       100%        4
 Yara's Violent Unravell  Hex/Tmut       0%         3d3       100%        5


Dungeon Overview and Level Annotations

Branches:
Dungeon (13/15)            Temple (1/1) D:6            Lair (0/5) D:11
    Orc (0/2) D:12          Sewer (visited)         Ossuary (visited)
 Vaults: D:13-14

Altars:
Ashenzari
Cheibriados
Dithmenos
Elyvilon
Fedhas
Kikubaaqudgha
Nemelex Xobeh
Ru
Sif Muna
Trog
Uskayaw
Xom
Yredelemnul
Zin
The Shining One

Shops:
D:3 [   D:5 ![


Innate Abilities, Weirdness & Mutations

You have razor-sharp teeth.
Your natural rate of healing is unusually fast.
When hurt, damage is shared between your health and your magic reserves.
Your bite disrupts and absorbs the magic of your enemies.
Potions cannot restore your health.
You have sharp toenails.
You are partially covered in iridescent scales. (AC +2)
You have supernaturally acute eyesight. (SInv)
You are strong-willed. (Will+)
Your movements are slightly less encumbered by armour. (ER -2)


Message History

You fall into the shallow water.
Moving in this stuff is going to be slow.
Two slime creatures merge to form a large slime creature.
Uskayaw will force your foes to share their pain.
The orc knight attacks as you move away!
The orc knight splashes around in the water.
A manticore comes into view.
The boggart mumbles some strange words.
The boggart casts a spell.
The boggart blinks!
The meliai attacks as you move away! The meliai hits you but does no damage.
The meliai stings you!
The meliai mumbles some strange prayers to its god against you.
Something smites you! The meliai hits you but does no damage.
The meliai stings you but does no damage.
Two slime creatures merge to form a large slime creature.
You completely miss the meliai. Your kick misses the meliai.
Your bite misses the meliai.
The orc knight is no longer waterlogged.
The meliai hits you but does no damage. The meliai stings you.
You are poisoned.
The meliai poisons you! The meliai hits you but does no damage.
The meliai closely misses you. The meliai attacks as you move away!
The meliai barely misses you. The meliai stings you.
You feel very sick.
Two slime creatures merge to form a large slime creature.
The slime creature closely misses you. The meliai hits you but does no damage.
The meliai barely misses you.
Okay, then.
Unknown command.
You slash the meliai! Your kick misses the meliai. You bite the meliai.
You drain its power.
The meliai is heavily wounded.
You feel very sick.
The meliai calls down the wrath of its god upon you.
Something smites you!
* * * LOW HITPOINT WARNING * * *
The meliai closely misses you. The meliai completely misses you.
The slime creature hits you!
You die...

...#......#. .###
#.#.#....#. ....
...#....#. #.#.#
#.#.#...... .. ..
...#........ ##.#
.###.#.#.#...... ...
~.Hg ...#....#.
.###.#.###y###)#.#.####.
.......@yJoJJ..#J.......
##.##.##J###~###.#......
.. ...J...~...#...... ##
#.###)## .###....## ...
..... ........#. .#. .#.
..#..°.....'. . #.. #
..#........#. #
.#........#. ...#######


You could see an orc knight, 3 large slime creatures, 2 slime creatures and 2
meliai.

Vanquished Creatures
  An ogre mage (D:13)
  4 centaur warriors
  A boulder beetle (D:11)
  3 two-headed ogres
  A fire crab (D:13)
  2 deep elf pyromancers (D:13)
  2 ugly things
  A wolf spider (D:13)
  A cyclops (D:12)
  Joseph (D:7)
  A gargoyle (D:10)
  2 unseen horrors
  Psyche (D:9)
  A yaktaur (D:13)
  2 komodo dragons (D:11)
  A kobold demonologist (D:9)
  A freezing wraith (D:9)
  3 trolls
  A hornet (D:9)
  4 slime creatures
  3 shadows
  A wyvern (D:11)
  18 yaks
  4 steam dragons
  A basilisk (D:11)
  The ghost of dracfodder the Conjurer, an amateur DrCj (D:4)
  5 vampire mosquitoes
  Menkaure (D:7)
  A warg (D:12)
  2 water moccasins
  Duvessa (D:7)
  4 orc warriors
  An ice beast (D:7)
  12 centaurs
  A phantom (D:6)
  8 kobold brigands
  6 bullfrogs
  A gnoll sergeant (D:5)
  A scorpion (D:7)
  10 wights
  Dowan (D:7)
  11 killer bees
  4 howler monkeys
  4 electric eels (D:8)
  7 hounds
  3 quasits (D:7)
  5 jellies
  3 gnoll boudas
  2 orc priests
  A human zombie (Ossuary)
  Natasha (thrice) (D:4)
  An iguana (D:5)
  8 orc wizards
  2 mummies (Ossuary)
  Robin (D:2)
  11 gnolls
  18 adders
  A river rat (Sewer)
  5 shadow imps (D:7)
  6 white imps
  3 ufetubi (D:7)
  3 worms
  4 dart slugs
  28 orcs
  4 endoplasms
  5 giant cockroaches
  18 goblins
  12 hobgoblins
  13 jackals
  33 kobolds
  3 quokkas
  8 ball pythons
  7 bats
  11 frilled lizards
  6 gnoll zombies (Ossuary)
  5 goblin zombies (Ossuary)
  A hobgoblin zombie (Ossuary)
  An orc zombie (Ossuary)
  14 rats
392 creatures vanquished.

Vanquished Creatures (others)
  A demonic plant (D:7)
  A fungus (D:5)
  15 plants (Sewer)
17 creatures vanquished.

Grand Total: 409 creatures vanquished

Notes
Turn   | Place    | Note
-------+----------+-------------------------------------------
     0 | D:1      | Ahpoh the Vine Stalker Fighter began the quest for the Orb.
     0 | D:1      | Reached XP level 1. HP: 11/11 MP: 2/2
    87 | D:1      | Reached XP level 2. HP: 14/16 MP: 1/3
   370 | D:1      | Reached XP level 3. HP: 16/19 MP: 4/4
   535 | D:1      | Reached skill level 2 in Long Blades
   769 | D:2      | Gained mutation: Your natural rate of healing is unusually
                  | fast. [Vine Stalker growth]
   769 | D:2      | Reached XP level 4. HP: 15/24 MP: 5/5
  1046 | D:2      | Reached skill level 3 in Long Blades
  1166 | D:2      | Found a faded altar of an unknown god.
  1329 | D:2      | Reached XP level 5. HP: 28/28 MP: 6/6
  1465 | D:2      | Noticed Robin
  1481 | D:2      | Killed Robin
  1875 | D:3      | Found Peinas's Armour Shop.
  2103 | D:3      | Found a glowing drain.
  2107 | Sewer    | Entered a sewer
  2245 | Sewer    | Noticed a kobold brigand
  2249 | Sewer    | Gained mutation: Your flesh is heat resistant. (rF+)
                  | [potion of mutation]
  2249 | Sewer    | Gained mutation: You are robust. (+10% HP) [potion of
                  | mutation]
  2269 | Sewer    | Killed a kobold brigand
  2270 | Sewer    | Reached XP level 6. HP: 34/35 MP: 7/7
  2572 | Sewer    | Reached skill level 4 in Long Blades
  3301 | D:4      | Found a broken altar of Ashenzari.
  3477 | D:4      | Reached skill level 1 in Dodging
  3482 | D:4      | Noticed Natasha
  3489 | D:4      | Killed Natasha
  3568 | D:4      | Found a runed translucent door.
  3584 | D:4      | Noticed dracfodder's ghost (amateur DrCj)
  3650 | D:4      | Reached XP level 7. HP: 36/39 MP: 6/8
  3684 | D:4      | Noticed Natasha
  3693 | D:4      | Killed Natasha
  3906 | D:4      | Noticed Natasha
  3918 | D:4      | Killed Natasha
  4164 | D:4      | Found a sacrificial altar of Ru.
  4395 | D:4      | Killed dracfodder's ghost
  4396 | D:4      | Reached skill level 5 in Long Blades
  4467 | D:5      | Entered Level 5 of the Dungeon
  4561 | D:5      | Found Tishpak's Dragon-Slaying Spoils.
  4603 | D:5      | Found Opreseah's Distillery.
  4667 | D:5      | Found a shimmering blue altar of Sif Muna.
  4783 | D:5      | Found a shadowy altar of Dithmenos.
  4804 | D:5      | Found a blossoming altar of Fedhas.
  4841 | D:5      | Found a sparkling altar of Nemelex Xobeh.
  5125 | D:6      | Gained mutation: You have razor-sharp teeth. [Vine Stalker
                  | growth]
  5125 | D:6      | Reached XP level 8. HP: 46/46 MP: 7/9
  5425 | D:6      | Reached skill level 5 in Armour
  5474 | D:6      | Reached skill level 6 in Long Blades
  5548 | D:6      | Found a staircase to the Ecumenical Temple.
  5584 | D:6      | Found a sand-covered staircase.
  5596 | Ossuary  | Entered an ossuary
  5706 | Ossuary  | Reached XP level 9. HP: 50/50 MP: 10/10
  5804 | Temple   | Entered the Ecumenical Temple
  5840 | Temple   | Became a worshipper of Uskayaw the Reveller
  5875 | D:6      | Identified the +6 plate armour of the Desolation of Salt
                  | {rElec rF- rN+ Dex+2}
  5950 | D:6      | Reached * piety under Uskayaw
  5952 | D:6      | Reached ** piety under Uskayaw
  5962 | D:6      | Reached *** piety under Uskayaw
  5963 | D:6      | Reached **** piety under Uskayaw
  5965 | D:6      | Reached skill level 1 in Stealth
  6150 | D:6      | Found a shimmering altar of Xom.
  6273 | D:7      | Found a white marble altar of Elyvilon.
  6310 | D:7      | Reached skill level 7 in Long Blades
  6436 | D:7      | Noticed Joseph
  6459 | D:7      | Killed Joseph
  6460 | D:7      | Reached skill level 5 in Fighting
  6522 | D:7      | Noticed Menkaure
  6533 | D:7      | Killed Menkaure
  6712 | D:7      | Reached skill level 8 in Long Blades
  6719 | D:7      | Reached ***** piety under Uskayaw
  6739 | D:7      | Noticed Duvessa
  6740 | D:7      | Noticed Dowan
  6773 | D:7      | Killed Duvessa
  6777 | D:7      | Killed Dowan
  6845 | D:7      | Found a bloodstained altar of Trog.
  6854 | D:7      | Lost mutation: You are robust. (+10% HP) [potion of
                  | mutation]
  6854 | D:7      | Lost mutation: Your flesh is heat resistant. (rF+) [potion
                  | of mutation]
  6854 | D:7      | Gained mutation: You occasionally lose the ability to drink
                  | potions when taking damage. [potion of mutation]
  6854 | D:7      | Gained mutation: You sometimes lose the ability to drink
                  | potions when taking damage. [potion of mutation]
  6854 | D:7      | Gained mutation: Armour fits poorly on your strangely
                  | shaped body. [potion of mutation]
  6854 | D:7      | Gained mutation: You passively map a small area around you.
                  | [potion of mutation]
  6855 | D:7      | Lost mutation: Armour fits poorly on your strangely shaped
                  | body. [potion of mutation]
  6855 | D:7      | Lost mutation: You sometimes lose the ability to drink
                  | potions when taking damage. [potion of mutation]
  6855 | D:7      | Gained mutation: You sometimes lose your temper in combat.
                  | [potion of mutation]
  6855 | D:7      | Gained mutation: Your skin changes colour to match your
                  | surroundings (Stealth+). [potion of mutation]
  6855 | D:7      | Gained mutation: You are strong-willed. (Will+) [potion of
                  | mutation]
  6856 | D:7      | Lost mutation: You sometimes lose your temper in combat.
                  | [potion of mutation]
  6856 | D:7      | Lost mutation: You occasionally lose the ability to drink
                  | potions when taking damage. [potion of mutation]
  6856 | D:7      | Gained mutation: You have supernaturally acute eyesight.
                  | (SInv) [potion of mutation]
  6856 | D:7      | Gained mutation: You have sharp toenails. [potion of
                  | mutation]
  7066 | D:7      | Found a glowing golden altar of the Shining One.
  7196 | D:8      | Reached XP level 10. HP: 51/51 MP: 11/11
  7225 | D:8      | Reached skill level 5 in Shields
  7439 | D:8      | Reached skill level 9 in Long Blades
  7473 | D:8      | Found a basalt altar of Yredelemnul.
  8240 | D:9      | Noticed Psyche
  8248 | D:9      | Killed Psyche
  8319 | D:9      | Reached skill level 5 in Stealth
  8354 | D:9      | Noticed a centaur warrior
  8394 | D:9      | You fall into a shaft and drop 2 floors!
  8457 | D:11     | Reached XP level 11. HP: 41/56 MP: 12/12
  8470 | D:11     | Reached ****** piety under Uskayaw
  8471 | D:11     | Reached skill level 10 in Long Blades
  8519 | D:11     | Noticed a boulder beetle
  8592 | D:11     | Killed a boulder beetle
  8723 | D:10     | Entered Level 10 of the Dungeon
  8829 | D:9      | Noticed a two-headed ogre
  8848 | D:9      | Killed a two-headed ogre
  8876 | D:9      | Lost mutation: Your skin changes colour to match your
                  | surroundings (Stealth+). [potion of mutation]
  8876 | D:9      | Lost mutation: You are strong-willed. (Will+) [potion of
                  | mutation]
  8876 | D:9      | Gained mutation: You occasionally lose the ability to read
                  | scrolls when taking damage. [potion of mutation]
  8876 | D:9      | Gained mutation: You are partially covered in iridescent
                  | scales. (AC +2) [potion of mutation]
  8877 | D:9      | Lost mutation: You passively map a small area around you.
                  | [potion of mutation]
  8877 | D:9      | Lost mutation: You occasionally lose the ability to read
                  | scrolls when taking damage. [potion of mutation]
  8877 | D:9      | Gained mutation: Your movements are slightly less
                  | encumbered by armour. (ER -2) [potion of mutation]
  8877 | D:9      | Gained mutation: You are strong-willed. (Will+) [potion of
                  | mutation]
  9044 | D:9      | Noticed a centaur warrior
  9068 | D:9      | Killed a centaur warrior
  9069 | D:9      | Reached skill level 1 in Evocations
  9128 | D:9      | Killed a centaur warrior
  9146 | D:9      | Identified the +5 battleaxe "Atiparch" {venom, Int+2 Dex+3}
  9561 | D:10     | Noticed a two-headed ogre
  9602 | D:10     | Killed a two-headed ogre
  9603 | D:10     | Reached skill level 11 in Long Blades
  9754 | D:10     | Noticed a two-headed ogre
  9993 | D:10     | Killed a two-headed ogre
  9994 | D:10     | Reached XP level 12. HP: 15/62 MP: 13/13
 10252 | D:11     | Identified the +6 morningstar of Ocoanoru {venom, Will+
                  | Int+2 Dex+3}
 10285 | D:11     | Found the +6 arbalest "Damnation" {damnation}
 10373 | D:11     | Found a staircase to the Lair.
 10907 | D:12     | Found a staircase to the Orcish Mines.
 10908 | D:12     | Reached skill level 1 in Invocations
 11007 | D:12     | Identified the +5 dagger of Integrity {protect, Stlth+}
 11136 | D:12     | Identified the +1 dagger "Ziggor" {freeze, rN+ Str+4}
 11355 | D:13     | Noticed a centaur warrior
 11358 | D:13     | Killed a centaur warrior
 11445 | D:13     | Reached skill level 1 in Ranged Weapons
 11557 | D:13     | Found a shadowy altar of Dithmenos.
 11659 | D:13     | Noticed a centaur warrior
 11659 | D:13     | Noticed an ogre mage
 11661 | D:13     | Killed an ogre mage
 11664 | D:13     | Killed a centaur warrior
 11665 | D:13     | Reached skill level 12 in Long Blades
 11665 | D:13     | Reached XP level 13. HP: 49/67 MP: 15/17
 11676 | D:13     | Slain by a slime creature

Illustrated notes

Levels and vault maps discovered:
D:1:      dpeg_arrival_simpleton_b, layout_basic
D:2:      minmay_door_path, layout_loops_cross, basic_ecumenical_altar,
          minmay_quadrilaterals, uniq_robin
D:3:      layout_loops_ring, gup_sewer_entry_spiral, serial_shops, shop
D:4:      layout_basic, ashenzari_altar_1, lemuel_coloured_pillars_altar,
          ebering_ghost_reflecting_pool, corexii_leaking_fountain, uniq_natasha
D:5:      layout_loops_ring, nemelex_spade_bored_becter,
          mainiacjoe_overflow_brackets, mainiacjoe_overflow_catch_the_wave,
          serial_shops, nicolae_shop_crystal, nicolae_shop_dragon_depot
D:6:      cheibrodos_thug_alley, layout_cave_pools,
          nicolae_overflow_hidden_temple, minmay_temple_entry_steel_oval,
          enter_ossuary_1
D:7:      layout_basic, mainiacjoe_overflow_24_doors, overflow_temple_1_default,
          kennysheep_mini, serial_demonic, serial_demonic_c, serial_demonic_g,
          serial_demonic_c, serial_demonic_c, serial_demonic_d,
          serial_demonic_g, serial_demonic_g, serial_demonic_d,
          serial_demonic_d, serial_demonic_e, uniq_menkaure, uniq_joseph,
          uniq_duvessa
D:8:      wad_river_or_something, layout_cave_pools, yredelemnul_altar_generic,
          nrook_pool_corridor, hellmonk_bongcloud_opening
D:9:      minmay_slanted_spiral_squares, layout_rooms, enter_bailey_4,
          st_stairs_2, uniq_psyche
D:10:     layout_loops_cross, minmay_orc_keep
D:11:     layout_basic, erik_lair_dragon
D:12:     layout_long_grid, david_orc_3
D:13:     minmay_dotted_concentric_squares, layout_grid_maze,
          grunt_dithmenos_smoke_and_mirrors
Temple:   bh_familiar_temple

Skill      XL: |  1  2  3  4  5  6  7  8  9 10 11 12 |
---------------+-------------------------------------+-----
Armour         | 3 4 5 6 7 8 |  8.4
Fighting       | 3 4 5 6 7 |  7.5
Long Blades    | 2 3 4 5 6 8 9 11 12 | 12.0
Shields        | 3 4 5 6 7 |  7.2
Dodging        | 1 2 3 |  3.6
Stealth        | 3 5 7 8 |  8.7
Evocations     | 1 |  1.1
Invocations    | 4 |  4.1
Ranged Weapons | 3 |  3.2
Short Blades   | |  0.6
Throwing       | |  0.8

Action                     |  1- 3 |  4- 6 |  7- 9 | 10-12 | 13-15 || total
---------------------------+-------+-------+-------+-------+-------++-------
  Melee: Long sword        |    95 |   289 |   453 |   474 |     4 ||  1315
         Bite              |    28 |    57 |   153 |   188 |     1 ||   427
         Kick              |       |       |     4 |   191 |     2 ||   197
         Dagger            |       |       |       |     6 |       ||     6
   Fire: Arbalest          |       |       |       |    22 |     1 ||    23
  Throw: Boomerang         |       |       |       |     3 |       ||     3
 Invoke: Line Pass         |       |       |     6 |     8 |     2 ||    16
         Stomp             |       |       |     3 |     4 |       ||     7
         Grand Finale      |       |       |       |     1 |       ||     1
  Evoke: Wand              |       |       |     2 |     3 |       ||     5
         Phial of floods   |       |       |       |     1 |     1 ||     2
    Use: Potion            |     1 |     6 |     3 |     2 |       ||    12
         Scroll            |     1 |     4 |     8 |    12 |       ||    25
   Stab: Paralysed         |       |       |     4 |    32 |       ||    36
         Confused          |       |       |     2 |     2 |       ||     4
         Sleeping          |       |       |       |     2 |       ||     2
 Armour: Scale mail        |    63 |   105 |    50 |       |       ||   218
         Chain mail        |       |       |    99 |       |       ||    99
         Plate armour      |       |       |   146 |   358 |     8 ||   512
  Dodge: Dodged            |    64 |   102 |   190 |   234 |     8 ||   598
  Block: Buckler           |    26 |    54 |   130 |   165 |       ||   375

Table legend: (Time is in decaauts)
 A = Elapsed time spent in this place.
 B = Non-inter-level travel time spent in this place.
 C = Inter-level travel time spent in this place.
 D = Time resting spent in this place.
 E = Time spent auto-exploring this place.
 F = Levels seen in this place.
 G = Mean time per level.
                   A        B        C        D        E       F      G
               +--------+--------+--------+--------+--------+-----+--------+
         Total |  12075 |  11751 |    324 |    146 |   7243 |  16 |  754.7 |
       Dungeon |  10880 |  10556 |    324 |    123 |   6708 |  13 |  836.9 |
        Temple |     58 |     58 |      0 |      0 |     17 |   1 |   58.0 |
         Sewer |    935 |    935 |      0 |     23 |    514 |   1 |  935.0 |
       Ossuary |    200 |    200 |      0 |      0 |      3 |   1 |  200.0 |
               +--------+--------+--------+--------+--------+-----+--------+

Top non-repeatable levels by time:
     D:4: 1199 daAuts
     D:2: 1015 daAuts
     D:7: 972 daAuts
     D:3: 952 daAuts
    D:11: 937 daAuts
   Sewer: 935 daAuts
     D:9: 883 daAuts
    D:10: 883 daAuts
     D:8: 828 daAuts
     D:6: 815 daAuts
     D:1: 695 daAuts
     D:5: 682 daAuts
    D:12: 658 daAuts
    D:13: 355 daAuts
 Ossuary: 200 daAuts
